 Dungeon Crawl Stone Soup version 0.17.0-18-gaab0e96 (console) character file.

70 gw the Slasher (level 4, -5/30 HPs)
             Began as a High Elf Gladiator on Nov 11, 2015.
             Slain by a gnoll
             ... wielding a +0 halberd of venom
              (8 damage)
             ... on level 2 of the Dungeon.
             The game lasted 00:01:12 (1665 turns).

gw the Slasher (High Elf Gladiator)                 Turns: 1665, Time: 00:01:12

Health: -5/30      AC:  6    Str: 14    XL:     4   Next: 4%
Magic:  5/5        EV: 12    Int: 12    God:
Gold:   90         SH:  0    Dex: 16    Spells: 0 memorised, 3 levels left

rFire  . . .     SeeInvis .     a - +0 long sword
rCold  . . .     Clarity  .     g - +0 ring mail
rNeg   . . .     SustAt   .     (no shield)
rPois  .         Gourm    .     c - +0 helmet
rElec  .         Spirit   .     (no cloak)
rCorr  .         Warding  .     (no gloves)
rMut   +         Stasis   .     (no boots)
MR     .....                    h - amulet of resist mutation
Stlth  +.........               (no ring)
                                (no ring)

@: lethally poisoned (-5 -> -15), not resistant to hostile enchantments, very
unstealthy
A: no striking features
a: no special abilities


You were on level 2 of the Dungeon.
You were hungry.

You visited 1 branch of the dungeon, and saw 2 of its levels.

You collected 90 gold pieces.

Inventory:

Hand Weapons
 a - a +0 long sword (weapon)
 b - a +0 shortbow
Missiles
 d - 3 throwing nets
 f - 32 arrows
Armour
 c - a +0 helmet (worn)
 g - a +0 ring mail (worn)
Jewellery
 h - an amulet of resist mutation (around neck)
Comestibles
 e - a bread ration


   Skills:
 + Level 2.6 Fighting
 * Level 4.8 Long Blades
 + Level 1.0 Bows
 - Level 2.0 Throwing
 + Level 3.9 Dodging


You had 3 spell levels left.
You didn't know any spells.

Dungeon Overview and Level Annotations

Branches:
Dungeon (2/15)

Altars:


Message History

Unknown command.
Unknown command.
Unknown command.
ATTACK MOVE TO (-1,0)
You slash the gnoll!
The gnoll is severely wounded.
The gnoll hits you from afar with a halberd of venom.
You are lethally poisoned!
The gnoll hits you but does no damage.
Unknown command.
Unknown command.
Unknown command.
Unknown command.
ATTACK MOVE TO (-1,0)
You slash the gnoll!
You kill the gnoll!
Your Bows skill increases to level 1!
You have reached level 4!
You feel sick.
The gnoll hits you from afar with a halberd of venom!
You die...

#.## . ##.# #. #..# #.
##..## #.# ###.....
#..## ##.......
#..####..#....#
..g########......###..##
..gggg)e.%.((.#### #..#
..###########..(# #....
#.......<### ##..######
###


You could see 5 gnolls.

Table legend:
 A = Turns spent in this place as a percentage of turns spent in the entire game.
 B = Non-inter-level travel turns spent in this place as a percentage of non-inter-level travel turns spent in the entire game.
 C = Inter-level travel turns spent in this place as a percentage of turns spent in this place.
 D = Turns resting spent in this place as a percentage of non-inter-level travel turns spent in this place.
 E = Turns spent auto-exploring this place as a percentage of non-inter-level travel turns spent in this place.
 F = Non-inter-level travel turns spent in this place divided by the number of levels of this place that you've seen.
                   A       B       C       D       E      F
               +-------+-------+-------+-------+-------+----------------------
         Total | 100.0 | 100.0 |   0.3 |   1.0 |   2.2 | 915.0
       Dungeon | 100.0 | 100.0 |   0.3 |   1.0 |   2.2 | 915.0
               +-------+-------+-------+-------+-------+----------------------

Table legend:
 A = Kills in this place as a percentage of kills in entire the game.
 B = Kills by you in this place as a percentage of kills by you in the entire game.
 C = Kills by friends in this place as a percentage of kills by friends in the entire game.
 D = Other kills in this place as a percentage of other kills in the entire game.
 E = Experience gained in this place as a percentage of experience gained in the entire game.
 F = Experience gained in this place divided by the number of levels of this place that you have seen.
                   A       B       C       D       E      F
               +-------+-------+-------+-------+-------+----------------------
         Total | 100.0 | 100.0 |  -nan |  -nan | 100.0 |  50.5
       Dungeon | 100.0 | 100.0 |  -nan |  -nan | 100.0 |  50.5
               +-------+-------+-------+-------+-------+----------------------

Vanquished Creatures
  3 gnolls (D:2)
  An adder (D:2)
  A worm (D:2)
  A giant gecko (D:1)
  2 bats (D:1)
  3 giant cockroaches
  2 goblins (D:1)
  4 hobgoblins
  4 jackals (D:1)
  2 giant newts (D:1)
  3 kobolds
  2 rats
28 creatures vanquished.

Notes
Turn   | Place    | Note
--------------------------------------------------------------
     0 | D:1      | gw the High Elf Gladiator began the quest for the Orb.
     0 | D:1      | Reached XP level 1. HP: 14/14 MP: 2/2
   364 | D:1      | Reached skill level 4 in Long Blades
   448 | D:1      | Reached XP level 2. HP: 19/19 MP: 3/3
  1301 | D:2      | Reached XP level 3. HP: 2/25 MP: 4/4
  1304 | D:2      | HP: 1/25 [poisoned by an adder]
  1665 | D:2      | Reached skill level 1 in Bows
  1665 | D:2      | Reached XP level 4. HP: 4/30 MP: 5/5
  1665 | D:2      | Slain by a gnoll

Action                   |  1- 3 |  4- 6 || total
-------------------------+-------+-------++-------
Melee: Long sword        |   111 |       ||   111
 Fire: Shortbow          |     6 |       ||     6
  Eat: Chunk             |     2 |       ||     2

Vault maps used:
D:1:      dpeg_chamrin_arrival_tetris, grunt_decor_cap, nrook_mini_backslash
D:2:      kennysheep_generic_room_6, uniq_crazy_yiuf_cottage, uniq_natasha,
          uniq_iyjb
